 Dungeon Crawl Stone Soup version 0.25.1-2-g60ff931df9 (webtiles) character file.

Game seed: 295439402171090420

771 KamiKatze the Cutter (level 7, -2/37 HPs)
             Began as a Vine Stalker Fighter on Aug 25, 2020.
             Slain by a troll (6 damage)
             ... on level 4 of the Dungeon.
             The game lasted 00:16:10 (2744 turns).

KamiKatze the Cutter (Vine Stalker Fighter)         Turns: 2744, Time: 00:16:10

Health: -2/37      AC:  7    Str: 20    XL:     7   Next: 83%
Magic:  0/8        EV:  8    Int:  8    God:
Gold:   135        SH: 10    Dex: 14    Spells: 6/6 levels left

rFire    . . .     SeeInvis .   a - +0 rapier
rCold    . . .     Gourm    .   c - +0 kite shield
rNeg     . . .     Faith    .   b - +0 scale mail
rPois    .         Spirit   +   (no helmet)
rElec    .         Reflect  .   v - scarf {repulsion}
rCorr    .         Harm     .   (no gloves)
MR       .....                  (no boots)
Stlth    ..........             (no amulet)
HPRegen  0.52/turn              (no ring)
MPRegen  0.11/turn              (no ring)

@: repel missiles
A: fangs 2, regeneration 1, magic shield, antimagic bite, no potion heal 3, rot
immunity
a: no special abilities


You were on level 4 of the Dungeon.
You were not hungry.

You visited 1 branch of the dungeon, and saw 4 of its levels.

You collected 135 gold pieces.

Inventory:

Hand Weapons
 a - a +0 rapier (weapon)
Missiles
 j - 13 poisoned darts (quivered)
 l - 216 stones
 w - 5 boomerangs
Armour
 b - a +0 scale mail (worn)
 c - a +0 kite shield (worn)
 e - a +0 chain mail
 v - a scarf of repulsion (worn)
 x - a +0 pair of boots
Jewellery
 p - a cursed ring of teleportation {unknown}
Scrolls
 d - a scroll of fear {unknown}
 i - 4 scrolls of remove curse {unknown}
 k - 4 scrolls of identify {unknown}
 m - 2 scrolls of fog {unknown}
 r - 3 scrolls of teleportation {unknown}
 s - a scroll of blinking {unknown}
Potions
 h - 2 potions of brilliance {unknown}
 n - 3 potions of curing {unknown}
 o - 2 potions of heal wounds {unknown}
 q - a potion of stabbing {unknown}
 t - a potion of might
 u - 2 potions of lignification {unknown}
 z - a potion of berserk rage {unknown}
 A - a potion of ambrosia {unknown}
 B - a potion of invisibility
Comestibles
 f - 8 rations
 g - 5 chunks of flesh


   Skills:
 + Level 4.2 Fighting
 * Level 4.8 Short Blades
 + Level 3.8 Armour
 + Level 1.9 Dodging
 + Level 4.2 Shields


You had 6 spell levels left.
You didn't know any spells.
Your spell library contained the following spells:

 Spells                   Type           Power        Failure   Level  Hunger
 Magic Dart               Conj           #...         99%         1    ##.....


Dungeon Overview and Level Annotations

Branches:
Dungeon (4/15)
 Temple: D:4-7

Altars:
Cheibriados
Kikubaaqudgha
Sif Muna
Vehumet


Innate Abilities, Weirdness & Mutations

You have extremely sharp teeth.
Your natural rate of healing is unusually fast.
When hurt, damage is shared between your health and your magic reserves.
Your bite disrupts and absorbs the magic of your enemies.
Potions cannot restore your health.
You are immune to rotting.


Message History

The troll claws you!
You hit the troll but do no damage. Your bite misses the troll.
The troll is heavily wounded.
The troll bites you!
* * * LOW HITPOINT WARNING * * *
The troll claws you but does no damage. You block the troll's attack.
You puncture the troll! Your bite misses the troll.
The troll is severely wounded.
The troll barely misses you. The troll claws you.
* * * LOW HITPOINT WARNING * * *
The troll claws you!
* * * LOW HITPOINT WARNING * * *
You barely miss the troll. Your bite misses the troll.
The troll is severely wounded.
You block the troll's attack.
The troll claws you but does no damage. x2
You hit the troll.
The troll is almost dead.
The troll looks more healthy.
You block the troll's attack. x2
The troll claws you!
You die...

#........# #
####.......# .##
...........# ..#
####.......# ###.# #
#.......# ##.#.#
#.......# ##.#..#
###.##### #.###.#
#..#####o####.#..#
#.#....#.(.#@###.#
##.#....## #T#.#..#
#...#.....########.#
#..###..............#
#..##......###########
..##.......#
.....##....#
......###### ......#


You could see a troll.

Vanquished Creatures
  Edmund (D:4)
  A phantom (D:4)
  An ogre (D:2)
  Blork the orc (D:4)
  A howler monkey (D:4)
  3 orc priests (D:3)
  Terence (D:2)
  Natasha (thrice) (D:3)
  An orc wizard (D:3)
  A hound skeleton (D:4)
  5 adders
  3 worms
  3 dart slugs
  2 leopard geckos
  11 orcs
  7 bats
  2 giant cockroaches
  13 hobgoblins
  6 jackals
  A quokka (D:3)
  6 ball pythons
  5 frilled lizards
  8 goblins
  4 kobolds
  5 rats
95 creatures vanquished.

Notes
Turn   | Place    | Note
-------+----------+-------------------------------------------
     0 | D:1      | KamiKatze the Vine Stalker Fighter began the quest for the
                  | Orb.
     0 | D:1      | Reached XP level 1. HP: 11/11 MP: 2/2
    80 | D:1      | Reached XP level 2. HP: 15/16 MP: 3/3
   447 | D:1      | Reached XP level 3. HP: 19/19 MP: 4/4
   944 | D:2      | Noticed an ogre
   984 | D:2      | HP: 1/20 [ogre/+0 giant club (5)]
   985 | D:2      | Killed an ogre
   985 | D:2      | Gained mutation: Your natural rate of healing is unusually
                  | fast. [Vine Stalker growth]
   985 | D:2      | Reached XP level 4. HP: 1/24 MP: 0/5
   985 | D:2      | Reached XP level 5. HP: 2/28 MP: 0/6
  1070 | D:2      | Found a snail-covered altar of Cheibriados.
  1227 | D:2      | Noticed Terence
  1238 | D:2      | Killed Terence
  1359 | D:3      | Found an ancient bone altar of Kikubaaqudgha.
  1360 | D:3      | Found a radiant altar of Vehumet.
  1363 | D:3      | Found a shimmering blue altar of Sif Muna.
  1374 | D:3      | Identified Vehumet's Volume of Combat Magic
  1512 | D:3      | Reached XP level 6. HP: 32/32 MP: 7/7
  1803 | D:3      | Reached skill level 1 in Dodging
  1995 | D:3      | Noticed Natasha
  2005 | D:3      | Killed Natasha
  2033 | D:3      | Noticed Natasha
  2038 | D:3      | Killed Natasha
  2306 | D:3      | Noticed Natasha
  2317 | D:3      | Killed Natasha
  2317 | D:3      | Reached XP level 7. HP: 21/37 MP: 5/8
  2431 | D:4      | Noticed Edmund
  2473 | D:4      | Killed Edmund
  2526 | D:4      | Noticed Blork the orc
  2538 | D:4      | Killed Blork the orc
  2735 | D:4      | Noticed a troll
  2744 | D:4      | Slain by a troll

Illustrated notes

Levels and vault maps discovered:
D:1:      onia_arrival_mini_spirals, layout_basic
D:2:      layout_rooms, overflow_temple_1_default, first_ration,
          supply_closet_lemuel, uniq_terence
D:3:      layout_basic, grunt_temple_overflow_magic_moments,
          minmay_misc_feat_rugged, uniq_natasha
D:4:      layout_rooms, minmay_small_thing, uniq_blork_the_orc, uniq_edmund

Skill      XL: |  1  2  3  4  5  6  7 |
---------------+----------------------+-----
Short Blades   | 2 3 4 |  4.8
Fighting       | 3 4 |  4.2
Shields        | 3 4 |  4.2
Armour         | 3 |  3.8
Dodging        | 1 |  1.9

Action                   |  1- 3 |  4- 6 |  7- 9 || total
-------------------------+-------+-------+-------++-------
Melee: Rapier            |    83 |   148 |    81 ||   312
       Bite              |    22 |    50 |    35 ||   107
Throw: Dart              |       |       |     1 ||     1
  Use: Potion            |     1 |       |       ||     1
  Eat: Chunk             |       |     5 |     1 ||     6
Armor: Scale mail        |    18 |    42 |    12 ||    72
Dodge: Dodged            |    20 |    47 |    11 ||    78
       Repelled          |       |     4 |     1 ||     5
Block: Kite shield       |    27 |    76 |    39 ||   142
